 Dungeon Crawl Stone Soup version 0.22-a0-533-g4d20840 (webtiles) character file.

3246 Mgcat the Cleaver (level 9, -1/74 HPs)
             Began as a Hill Orc Gladiator on June 22, 2018.
             Was a Believer of the Shining One.
             Slain by Gastronok (21 damage)
             ... on level 8 of the Dungeon.
             The game lasted 00:24:17 (7376 turns).

Mgcat the Cleaver (Hill Orc Gladiator)              Turns: 7376, Time: 00:24:17

Health: -1/74      AC: 10    Str: 25    XL:     9   Next: 99%
Magic:  7/9        EV: 14    Int: 13    God:    the Shining One [**....]
Gold:   527        SH:  6    Dex: 14    Spells: 8/8 levels left

rFire    . . .     SeeInvis +   a - +1 war axe
rCold    . . .     Gourm    .   (no shield)
rNeg     + . .     Faith    .   l - +0 swamp dragon scales
rPois    +         Spirit   .   c - +0 helmet
rElec    .         Reflect  .   o - +2 cloak
rCorr    .         Harm     .   (no gloves)
MR       .....                  r - +0 pair of boots
Stlth    +.........             (no amulet)
HPRegen  0.22/turn              q - ring of flight {+Fly, !d}
MPRegen  0.11/turn              h - ring of see invisible {sInv, !d}

@: mighty, brilliant, divine shield, slowed, glowing, very slow
A: thin skeletal structure 1, deformed body
a: Divine Shield, Renounce Religion, Evoke Flight


You were on level 8 of the Dungeon.
You worshipped the Shining One.
The Shining One was pleased with you.
You were not hungry.

You visited 1 branch of the dungeon, and saw 8 of its levels.
You also visited: Sewer.

You collected 527 gold pieces.

Inventory:

Hand Weapons
 a - a +1 war axe (weapon)
 s - a +1 battleaxe of electrocution
   (You acquired it on level 5 of the Dungeon)
Missiles
 d - 3 throwing nets {=f, !d}
Armour
 c - a +0 helmet (worn)
 e - a +0 ring mail
   (You took it off an orc on level 3 of the Dungeon)
 l - +0 swamp dragon scales (worn)
   (You found it on level 5 of the Dungeon)
 o - a +2 cloak (worn)
   (You found it on level 5 of the Dungeon)
 r - a +0 pair of boots (worn)
   (You found it on level 2 of the Dungeon)
Magical Staves
 z - an uncursed staff of air {unknown}
   (You found it on level 7 of the Dungeon)
Jewellery
 g - an uncursed ring of magical power {MP+9}
   (You found it on level 3 of the Dungeon)
 h - a ring of see invisible (right hand) {sInv, !d}
   (You found it on level 7 of the Dungeon)
 q - a ring of flight (left hand) {+Fly, !d}
   (You found it on level 2 of the Dungeon)
Wands
 j - a wand of disintegration (9)
   (You found it on level 5 of the Dungeon)
Scrolls
 b - 4 scrolls of fear
 k - 6 scrolls of remove curse
 m - 2 scrolls of magic mapping {!r}
 n - 2 scrolls of teleportation
 u - 2 scrolls of amnesia
 y - a scroll of identify
Potions
 i - 10 potions of curing
 p - a potion of flight
 w - a potion of might
Comestibles
 f - 9 rations
 x - 2 chunks of flesh {@w0}


   Skills:
 - Level 5.3 Fighting
 - Level 14.1 Axes
 - Level 1.7 Throwing
 - Level 5.0 Armour
 - Level 5.0 Dodging
 + Level 1.0 Invocations


You had 8 spell levels left.
You didn't know any spells.
Your spell library was empty.

Dungeon Overview and Level Annotations

Branches:
Dungeon (8/15)             Temple (0/1) D:4            Lair (0/6) D:8

Altars:
Cheibriados
Fedhas
Okawaru
Qazlal
Trog
Vehumet
Xom
Zin
The Shining One

Shops:
D:7 %

Annotations:
D:3 Edmund
D:8 Gastronok


Innate Abilities, Weirdness & Mutations

You have a somewhat thin skeletal structure. (Dex +2, Stealth)
Armour fits poorly on your strangely shaped body.


Message History

The hound bites you. The hound closely misses you.
You slash the hound!
You kill the hound!
Your Invocations skill increases to level 1!
You see here a hound corpse.
You butcher the hound corpse.
x - a chunk of flesh {@w0} Eating a chunk of flesh {@w0}.
You eat the chunk of flesh {@w0}.
This raw flesh tastes terrible.
HP restored.
There is an open door, spattered with blood here.
Things that are here:
a giant club; a dire flail; a two-headed ogre corpse You butcher the two-headed ogre corpse.
x - 2 chunks of flesh {@w0}
There is an open door, spattered with blood here.
Things that are here:
a giant club; a dire flail; a two-headed ogre skeleton
There is an open door, spattered with blood here.
Things that are here:
a giant club; a dire flail; a two-headed ogre skeleton You open the door.
There is an open door here.
Key pressed, stopping explore.
i - 11 potions of curing (gained 1) Key pressed, stopping explore.
There is an open door here.
There is an open door here.
There is an open door here.
There is an open door here.
There is an open door here.
You open the door.
There is an open door here.
As you open the door, it creaks loudly!
There is an open door here.
You now have 527 gold pieces (gained 17).
Marking area around Gastronok as unsafe for travelling.
Gastronok the Ponderous comes into view.
There is an open door here.
Unknown command.
Unknown command.
Unknown command.
You start resting.
Gastronok is too close now for your liking.
You slash Gastronok!
Gastronok is lightly wounded.
You hit Gastronok but do no damage.
Gastronok is lightly wounded.
Gastronok looks at you while chanting.
You feel yourself slow down.
You hit Gastronok.
Gastronok is lightly wounded.
It was a potion of brilliance.
You feel clever all of a sudden.
Gastronok waves his eye-stalks in wide circles.
The air twists around and strikes you!
It was a potion of magic.
Magic courses through your body. Gastronok bites you but does no damage.
It was a potion of might.
You feel very mighty all of a sudden.
Gastronok waves his eye-stalks in wide circles.
The air twists around and strikes you!
You feel better.
Okay, then.
Unknown command.
A divine shield forms around you!
You feel slightly more hungry. You block Gastronok's attack.
You slash Gastronok!
Gastronok is lightly wounded.
Gastronok misses you.
You slash Gastronok!
Gastronok is lightly wounded.
You slash Gastronok!
Gastronok is moderately wounded.
Gastronok bites you but does no damage.
You hit Gastronok.
Gastronok is moderately wounded.
Gastronok casts a spell.
You feel sluggish.
You slash Gastronok!
Gastronok is moderately wounded.
Evoke which item? (* to show all) (? for menu, Esc to quit)
Aiming: Disintegrate
Press: ? - help, Shift-Dir - straight line, f - Gastronok
Aim: Gastronok, wearing a glowing hat (moderately wounded, haloed, chance to defeat MR: 16%)
Okay, then.
Unknown command.
Unknown command.
Unknown command.
Unknown command.
You hit Gastronok.
Gastronok is moderately wounded.
Gastronok bites you!
* * * LOW HITPOINT WARNING * * *
You slice Gastronok!!
Gastronok is heavily wounded.
You slash Gastronok!
Gastronok is heavily wounded.
Gastronok bites you!!
You die...

...#################
.).'.......#.......#....
...#.......'.......#....
...#####...#.......'....
.......#..########'#...
'##....##'##.........#
..#....+...#.........#
..)....#...#.........#
..#....###'#....@....#
..#...........###w#.....
..#...........#...# ...
..#####.......#...# .
..# #.......#...+ #+#
#.......#...#
#.......#...#
#.......#...#
#.......#...#


You could see Gastronok.

Vanquished Creatures
  A two-headed ogre (D:8)
  A hippogriff (D:7)
  Eustachio (D:5)
  2 hell hounds (D:8)
  A phantom (D:6)
  2 orc warriors
  The ghost of Mgcat the Chopper, an amateur HOGl (D:3)
  2 centaurs
  An ogre (D:7)
  A big kobold (D:8)
  The ghost of Amnesiac the Caller, an amateur SpSu (D:4)
  4 bullfrogs
  A scorpion (D:7)
  4 crimson imps
  A centaur zombie (D:6)
  A bullfrog zombie (D:3)
  3 hounds
  A bullfrog skeleton (D:6)
  Jessica (D:3)
  4 iguanas
  2 orc wizards
  5 worker ants
  Ijyb (D:4)
  A statue (D:7)
  A hound zombie (D:5)
  2 hound skeletons
  Robin (D:3)
  A worker ant zombie (D:6)
  10 gnolls
  2 river rats (D:6)
  6 adders
  A shadow imp (D:6)
  An ooze (D:2)
  4 worms
  2 dart slugs
  7 leopard geckos
  28 orcs
  3 giant cockroaches
  15 goblins
  10 hobgoblins
  7 jackals
  14 kobolds
  4 quokkas
  4 ball pythons
  2 bats
  9 frilled lizards
  A quokka zombie (D:3)
  6 rats
184 creatures vanquished.

Notes
Turn   | Place    | Note
-------+----------+-------------------------------------------
     0 | D:1      | Mgcat the Hill Orc Gladiator began the quest for the Orb.
     0 | D:1      | Reached XP level 1. HP: 18/18 MP: 1/1
   179 | D:1      | Reached XP level 2. HP: 25/25 MP: 2/2
   360 | D:1      | Reached skill level 5 in Axes
   565 | D:2      | Reached XP level 3. HP: 30/30 MP: 3/3
   602 | D:2      | Found a glowing golden altar of the Shining One.
   699 | D:2      | Became a worshipper of the Shining One
   763 | D:2      | Reached skill level 6 in Axes
  1230 | D:2      | Reached XP level 4. HP: 37/37 MP: 4/4
  1652 | D:3      | Noticed Robin
  1656 | D:3      | Noticed Jessica
  1664 | D:3      | Killed Robin
  1672 | D:3      | Killed Jessica
  1672 | D:3      | Reached skill level 7 in Axes
  1674 | D:3      | HP: 9/37 [quokka (5)]
  1988 | D:3      | Reached XP level 5. HP: 31/42 MP: 5/5
  2053 | D:3      | Found a runed gate.
  2054 | D:3      | Found a runed gate.
  2054 | D:3      | Found a runed gate.
  2056 | D:3      | Noticed Mgcat's ghost (amateur HOGl)
  2073 | D:3      | Found a shimmering altar of Xom.
  2088 | D:3      | Found a glowing silver altar of Zin.
  2089 | D:3      | Noticed an angel
  2323 | D:3      | Reached * piety under the Shining One
  2688 | D:3      | Reached skill level 8 in Axes
  2701 | D:3      | Killed Mgcat's ghost
  2701 | D:3      | Reached XP level 6. HP: 41/50 MP: 6/6
  2704 | D:3      | Reached skill level 9 in Axes
  3060 | D:4      | Found a runed door.
  3062 | D:4      | Noticed Amnesiac's ghost (amateur SpSu)
  3103 | D:4      | Killed Amnesiac's ghost
  3125 | D:4      | Noticed Edmund
  3144 | D:4      | Gained mutation: Armour fits poorly on your strangely shaped body. [potion of mutation]
  3144 | D:4      | Gained mutation: You have a somewhat thin skeletal structure. (Dex +2, Stealth) [potion of mutation]
  3145 | D:4      | HP: 8/50 [Edmund/dire flail of protection (16)]
  3161 | D:4      | HP: 10/50 [Edmund/dire flail of protection (16)]
  3219 | D:4      | HP: 10/50 [Edmund/dire flail of protection (10)]
  3224 | D:4      | HP: 4/50 [Edmund/dire flail of protection (7)]
  3593 | D:4      | Found a staircase to the Ecumenical Temple.
  3620 | D:4      | Noticed Ijyb
  3628 | D:4      | Killed Ijyb
  3970 | D:5      | Entered Level 5 of the Dungeon
  3995 | D:5      | Reached skill level 10 in Axes
  3995 | D:5      | Reached XP level 7. HP: 56/56 MP: 7/7
  4225 | D:5      | Noticed Eustachio
  4248 | D:5      | Killed Eustachio
  4354 | D:5      | Reached skill level 11 in Axes
  4374 | D:5      | Identified a scroll of acquirement
  4625 | D:6      | Reached ** piety under the Shining One
  4706 | D:6      | Reached XP level 8. HP: 35/62 MP: 8/8
  4840 | D:6      | Found a glowing drain.
  4856 | Sewer    | Entered a sewer
  4940 | Sewer    | Reached skill level 12 in Axes
  5590 | D:6      | Reached skill level 13 in Axes
  5853 | D:6      | Found a stormy altar of Qazlal.
  5854 | D:6      | Found a bloodstained altar of Trog.
  5959 | D:6      | Noticed a two-headed ogre
  5959 | D:6      | Noticed an unseen horror
  6125 | D:7      | Found Gylalemas's Food Boutique.
  6140 | D:7      | Found a snail-covered altar of Cheibriados.
  6167 | D:7      | Reached skill level 14 in Axes
  6237 | D:7      | Reached skill level 3 in Fighting
  6306 | D:7      | Reached XP level 9. HP: 64/70 MP: 9/9
  6335 | D:7      | Found a radiant altar of Vehumet.
  6343 | D:7      | Reached skill level 4 in Fighting
  6363 | D:7      | Reached skill level 5 in Fighting
  6531 | D:7      | Reached skill level 1 in Armour
  6661 | D:7      | Reached skill level 2 in Armour
  6673 | D:7      | Reached skill level 3 in Armour
  6711 | D:7      | Found a blossoming altar of Fedhas.
  6985 | D:7      | Found an iron altar of Okawaru.
  7047 | D:8      | Found a staircase to the Lair.
  7059 | D:8      | Reached skill level 4 in Armour
  7065 | D:8      | Reached skill level 5 in Armour
  7174 | D:8      | Noticed a two-headed ogre
  7181 | D:8      | Killed a two-headed ogre
  7181 | D:8      | Reached skill level 5 in Dodging
  7224 | D:8      | Reached skill level 1 in Invocations
  7348 | D:8      | Noticed Gastronok
  7376 | D:8      | Slain by Gastronok

Vault maps used:
D:1:      shiori_arrival_whats_in_store_for_you, corexii_hall_statues_i
D:2:      tso_metal_star
D:3:      zin_angel, overflow_temple_1_default, gammafunk_ghost_necromancy,
          uniq_jessica, uniq_robin
D:4:      temple_pool_b, gammafunk_ghost_grave, first_ration, uniq_edmund,
          uniq_ijyb
D:5:      serial_curves, eino_curves_03, eino_curves_02, uniq_eustachio
D:6:      hangedman_cross_stitches, gammafunk_temple_overflow_pools,
          gup_sewer_entry_bubbles, serial_park_tiny_pond, lightli_corner_chamber
D:7:      vehumet_statue, lemuel_round_altar, cheibriados_altar_1,
          overflow_temple_1_default, serial_shops, shop
D:8:      minmay_lair_entry_lava, hangedman_ranch, uniq_gastronok
Sewer:    sewer_co_scattered_pipes

Skill      XL: |  1  2  3  4  5  6  7  8  9 |
---------------+----------------------------+-----
Axes           | 5 6 7 8 10 11 14 | 14.1
Fighting       | 3 5 |  5.3
Armour         | 5 |  5.0
Dodging        | 5 |  5.0
Invocations    | 1 |  1.0
Throwing       | |  1.7

Action                   |  1- 3 |  4- 6 |  7- 9 || total
-------------------------+-------+-------+-------++-------
Melee: War axe           |    97 |   170 |   277 ||   544
Invok: Divine Shield     |       |       |     1 ||     1
  Use: Scroll            |       |    11 |     6 ||    17
       Potion            |       |     9 |     7 ||    16
  Eat: Chunk             |     1 |     8 |     9 ||    18
       Ration            |       |       |     1 ||     1
Armor: Leather armour    |    25 |    19 |       ||    44
       Skin              |       |    29 |       ||    29
       Ring mail         |       |    12 |       ||    12
       Swamp dragon scal |       |       |    72 ||    72
Dodge: Dodged            |    50 |    72 |   165 ||   287
Block: Other             |       |       |     1 ||     1

Table legend:
 A = Spawn XP
 B = Non-spawn XP
 C = Spawn XP percentage of total XP
 D = Spawn monster count
 E = Non-spawn monster count
 F = Spawn count percentage of total count
 G = Total turns spent on level
                    A         B        C        D         E        F      G
               +---------+---------+-------+---------+---------+-------+---------
         Total |       0 |    4638 |   0.0 |       0 |     184 |   0.0 |  7376
               +---------+---------+-------+---------+---------+-------+---------
           D:1 |       0 |      25 |   0.0 |       0 |      13 |   0.0 |   536
           D:2 |       0 |      61 |   0.0 |       0 |      21 |   0.0 |  1125
           D:3 |       0 |     299 |   0.0 |       0 |      31 |   0.0 |  1588
           D:4 |       0 |     180 |   0.0 |       0 |      10 |   0.0 |   735
           D:5 |       0 |     395 |   0.0 |       0 |      10 |   0.0 |   601
           D:6 |       0 |    1109 |   0.0 |       0 |      42 |   0.0 |   926
           D:7 |       0 |    1184 |   0.0 |       0 |      26 |   0.0 |   937
           D:8 |       0 |    1358 |   0.0 |       0 |      12 |   0.0 |   329
         Sewer |       0 |      27 |   0.0 |       0 |      19 |   0.0 |   599
               +---------+---------+-------+---------+---------+-------+---------

Vault maps used:
D:1:      shiori_arrival_whats_in_store_for_you, corexii_hall_statues_i
D:2:      tso_metal_star
D:3:      zin_angel, overflow_temple_1_default, gammafunk_ghost_necromancy,
          uniq_jessica, uniq_robin
D:4:      temple_pool_b, gammafunk_ghost_grave, first_ration, uniq_edmund,
          uniq_ijyb
D:5:      serial_curves, eino_curves_03, eino_curves_02, uniq_eustachio
D:6:      hangedman_cross_stitches, gammafunk_temple_overflow_pools,
          gup_sewer_entry_bubbles, serial_park_tiny_pond, lightli_corner_chamber
D:7:      vehumet_statue, lemuel_round_altar, cheibriados_altar_1,
          overflow_temple_1_default, serial_shops, shop
D:8:      minmay_lair_entry_lava, hangedman_ranch, uniq_gastronok
Sewer:    sewer_co_scattered_pipes

Table legend:
 A = Turns spent in this place as a percentage of turns spent in the entire game.
 B = Non-inter-level travel turns spent in this place as a percentage of non-inter-level travel turns spent in the entire game.
 C = Inter-level travel turns spent in this place as a percentage of turns spent in this place.
 D = Turns resting spent in this place as a percentage of non-inter-level travel turns spent in this place.
 E = Turns spent auto-exploring this place as a percentage of non-inter-level travel turns spent in this place.
 F = Non-inter-level travel turns spent in this place divided by the number of levels of this place that you've seen.
                   A       B       C       D       E      F
               +-------+-------+-------+-------+-------+----------------------
         Total | 100.0 | 100.0 |   6.0 |   1.6 |  78.2 | 770.3
       Dungeon |  91.9 |  91.4 |   6.5 |   1.8 |  78.1 | 791.8
         Sewer |   8.1 |   8.6 |   0.0 |   0.0 |  78.8 | 599.0
               +-------+-------+-------+-------+-------+----------------------

Table legend:
 A = Kills in this place as a percentage of kills in entire the game.
 B = Kills by you in this place as a percentage of kills by you in the entire game.
 C = Kills by friends in this place as a percentage of kills by friends in the entire game.
 D = Other kills in this place as a percentage of other kills in the entire game.
 E = Experience gained in this place as a percentage of experience gained in the entire game.
 F = Experience gained in this place divided by the number of levels of this place that you have seen.
                   A       B       C       D       E      F
               +-------+-------+-------+-------+-------+----------------------
         Total | 100.0 | 100.0 |   N/A |   N/A | 100.0 | 515.3
       Dungeon |  89.7 |  89.7 |   N/A |   N/A |  99.4 | 576.4
         Sewer |  10.3 |  10.3 |   N/A |   N/A |   0.6 |  27.0
               +-------+-------+-------+-------+-------+----------------------
